 Dungeon Crawl Stone Soup version 0.30.0-10-gfe55d96785 (webtiles) character file.

Game seed: 8419399617470609019

94 qeuew the Shooter (level 4, -6/34 HPs)
             Began as a Demonspawn Hunter on May 15, 2023.
             Killed from afar by Crazy Yiuf (8 damage)
             ... with a puff of flame
             ... on level 3 of the Dungeon.
             The game lasted 00:02:35 (2324 turns).

qeuew the Shooter (Demonspawn Hunter)               Turns: 2324, Time: 00:02:40

Health: -6/34      AC:  3    Str: 11      XL:     4   Next: 38%
Magic:  4/4        EV: 12    Int: 11      God:
Gold:   170        SH:  0    Dex: 19 (20) Spells: 0/3 levels left

rFire   . . .        k - +7 Throatcutter {drain, coup de grace}
rCold   . . .        (no shield)
rNeg    + . .        c - +0 leather armour
rPois   .            (helmet restricted)
rElec   .            (no cloak)
rCorr   .            (no gloves)
SInv    .            (no boots)
Will    .....        (no amulet)
Stlth   +++          i - ring of positive energy
HPRegen 0.25/turn    (no ring)
MPRegen 0.18/turn

%: no passive effects
@: no status effects
A: thin skeletal structure 1, magic regeneration, antennae 1, deterioration 1,
MP-powered wands
a: no special abilities


You were on level 3 of the Dungeon.
You visited 1 branch of the dungeon, and saw 3 of its levels.

You collected 170 gold pieces.

Inventory:

Hand Weapons
 a - a +0 heavy shortbow
 k - the +7 Throatcutter (weapon) {drain, coup de grace}
   (You found it on level 2 of the Dungeon)
Armour
 c - a +0 leather armour (worn)
Jewellery
 i - a ring of positive energy (left hand)
Scrolls
 b - a scroll of immolation
Potions
 d - a potion of brilliance
 e - 5 potions of curing
 f - a potion of haste
 g - a potion of berserk rage
 h - 2 potions of degeneration {unknown}


   Skills:
 + Level 2.3 Fighting
 + Level 0.2 Long Blades
 * Level 4.2 Ranged Weapons
 + Level 1.1 Armour
 * Level 2.6 Dodging
 + Level 1.7 Stealth
 + Level 0.0 Spellcasting
 * Level 0.1 Hexes


You couldn't memorise any spells.
You knew the following spells:

 Your Spells              Type           Power      Damage    Failure   Level
a - Portal Projectile     Hex/Tloc       0%         N/A       80%         3

Your spell library contained the following spells:

 Spells                   Type           Power      Damage    Failure   Level
 Tukima's Dance           Hex            0%         N/A       80%         3
 Blade Hands              Tmut           0%         N/A       100%        5
 Discord                  Hex            0%         N/A       100%        8


Dungeon Overview and Level Annotations

Branches:
Dungeon (3/15)

Altars:

Annotations:
D:3 Crazy Yiuf


Innate Abilities, Weirdness & Mutations

You have a somewhat thin skeletal structure. (Dex +2, Stealth+)
You regenerate magic rapidly.
You have a pair of small antennae on your head.
Your body sometimes deteriorates upon taking damage.
You expend magic power (3 MP) to strengthen your wands.


Message History

There is an open door here.
You now have 170 gold pieces (gained 13).
Found a battleaxe.
No target in view!
Things that are here:
a +0 short sword; 4 stones
Things that are here:
a +0 dagger; a goblin skeleton; a ball python skeleton You see here a +0 hammer.
Found seven hammers.
Found a runed translucent door.
You see here a +0 hammer.
No target in view!
Found a hammer.
You see here a +0 hammer.
There's something in the way.
You see here a +0 hammer.
Found two hammers.
You see here a +0 hammer.
There's something in the way.
Could not explore, unopened runed door.
There's something in the way.
Could not explore, unopened runed door.
You open the door.
Unknown command.
You sense an unholy aura.
k - the +7 Throatcutter (weapon)
{drain, coup de grace} Crazy Yiuf shouts!
Crazy Yiuf says, "Shower!
Key leg toodlewoodle."
There is an open translucent door here.
Crazy Yiuf closely misses you.
You see here a +0 hammer.
You hit Crazy Yiuf but do no damage.
Crazy Yiuf zaps a wand.
The puff of flame hits you!
You barely miss Crazy Yiuf.
Crazy Yiuf hits you with a +4 quarterstaff of chaos!!
Ouch! That really hurt!
* * * LOW HITPOINT WARNING * * *
Your body deteriorates!
You feel clumsy.
Crazy Yiuf zaps a wand.
The puff of flame hits you!
You die...

########## #.....†..# #######..#
#..# ###♣♣♣♣♣ #..#
##.#.)♣)♣♣♣##### #..##
#####.....)♣))♣#)))# #...#
.##.......♣♣♣♣)'@g.# #...#
.##....#.♣♣ ♣♣#)))# ###.#
.##...##♣♣ ##### #.# .##...#
###.### .##...# #.....#
.##...################...#.######
...(....'..........''....+.......
...##.###.......?..##....#.##.##.
...................#####.#.....#.


You could see Crazy Yiuf.

Vanquished Creatures
  4 adders
  2 worms
  6 bats
  3 endoplasms
  4 giant cockroaches
  5 goblins
  3 hobgoblins
  2 jackals (D:2)
  5 kobolds
  2 quokkas
  6 ball pythons
  4 frilled lizards
  5 rats
51 creatures vanquished.

Notes
Turn   | Place    | Note
-------+----------+-------------------------------------------
     0 | D:1      | qeuew the Demonspawn Hunter began the quest for the Orb.
     0 | D:1      | Reached XP level 1. HP: 16/16 MP: 1/1
    59 | D:1      | Got the Verses on Unlucky Orientation
   123 | D:1      | Reached skill level 1 in Stealth
   166 | D:1      | Gained mutation: You have a somewhat thin skeletal
                  | structure. (Dex +2, Stealth+) [demonic ancestry]
   166 | D:1      | Reached XP level 2. HP: 22/22 MP: 2/2
   637 | D:1      | Gained mutation: Your body sometimes deteriorates upon
                  | taking damage. [potion of mutation]
   637 | D:1      | Gained mutation: You have a pair of small antennae on your
                  | head. [potion of mutation]
   637 | D:1      | Gained mutation: You expend magic power (3 MP) to
                  | strengthen your wands. [potion of mutation]
   810 | D:2      | Reached XP level 3. HP: 27/27 MP: 3/3
   854 | D:2      | Found the +7 Throatcutter {drain, coup de grace}
   899 | D:2      | Reached skill level 4 in Ranged Weapons
  1849 | D:3      | Gained mutation: You regenerate magic rapidly. [demonic
                  | ancestry]
  1849 | D:3      | Reached XP level 4. HP: 33/33 MP: 4/4
  1888 | D:3      | Reached skill level 1 in Armour
  2064 | D:3      | Learned a level 3 spell: Portal Projectile
  2314 | D:3      | Found a runed translucent door.
  2315 | D:3      | Noticed Crazy Yiuf
  2324 | D:3      | Killed from afar by Crazy Yiuf

Illustrated notes

Levels and vault maps discovered:
D:1:      minmay_arrival_semitransparent, layout_basic, minmay_misc_feat_columns
D:2:      layout_basic
D:3:      layout_basic, minivault_19, uniq_crazy_yiuf_cottage

Skill      XL: |  1  2  3  4 |
---------------+-------------+-----
Stealth        | 1 |  1.7
Dodging        | 2 |  2.6
Ranged Weapons | 4 |  4.2
Armour         | 1 |  1.1
Fighting       | |  2.3
Long Blades    | |  0.2
Hexes          | |  0.1

Action                     |  1- 3 |  4- 6 || total
---------------------------+-------+-------++-------
  Melee: Long sword        |       |     2 ||     2
   Fire: Shortbow          |    78 |    17 ||    95
    Use: Scroll            |     7 |       ||     7
         Potion            |     5 |       ||     5
 Armour: Leather armour    |     4 |     5 ||     9
  Dodge: Dodged            |    16 |     7 ||    23
